AoeStats
← VX | Oblígame Perro!

African Clearing

503967802Analyzed
4v4 RM · 1mo ago on Sep 3, 2026· 48m 2s· 8 players
Game mode
Random Map
Map size
Large (8 player)
Population
200
Speed
Normal
Resources
Standard
Victory
Conquest
Starting age
Dark Age
Ending age
Imperial Age
RankedLock teamsTeams togetherTeam positionsShared explorationLock speedFull tech treeHidden civsTurbo modeCheats
Victory
Defeat
🇦🇺 Teutons · Australia
1713
+8
🇭🇰 Portuguese · Hong Kong SAR China
1641
+11
🇨🇳 Dravidians · China
1640
+11
🇨🇳 Malians · China
1622
+12
🇹🇷 Shu · Türkiye
1603
-14
🇦🇷 Japanese · Argentina
1517
-10
🇨🇳 Britons · China
1514
-10
🇲🇽 Georgians · Mexico
1476
-8
小白
3:17 Loom
14:29 Feudal Age
15:42 Double-Bit Axe
18:19 Castle Age
19:29 Bow Saw
20:29 Gold Mining
21:57 Horse Collar
22:58 Fletching
25:12 Bodkin Arrow
25:56 Ballistics
28:23 Husbandry
30:40 Wheelbarrow
34:59 Imperial Age
33:20 Thumb Ring
33:46 Padded Archer Armor
33:07 Elite Skirmisher
34:05 Heavy Plow
35:20 Hand Cart
35:44 Bracer
36:55 Chemistry
36:52 Leather Archer Armor
38:43 Ring Archer Armor
40:37 Elite Elephant Archer
43:45 Two-Man Saw
43:21 Conscription
44:38 Medical Corps
YYQ
11:18 Loom
13:45 Feudal Age
14:45 Double-Bit Axe
15:13 Stone Mining
17:36 Castle Age
16:07 Gold Mining
16:33 Horse Collar
18:28 Bow Saw
20:14 Scale Mail Armor
25:22 Town Watch
26:52 Ballistics
27:08 Fletching
29:26 Wheelbarrow
36:44 Imperial Age
34:51 Scale Barding Armor
34:57 Forging
35:39 Hand Cart
36:20 Bloodlines
36:31 Chain Barding Armor
36:54 Husbandry
36:48 Cavalier
37:55 Conscription
38:27 Plate Barding Armor
39:00 Farimba
40:00 Iron Casting
42:30 Gold Shaft Mining
St. John Ambulance
11:07 Feudal Age
11:43 Double-Bit Axe
14:04 Loom
17:50 Forging
20:41 Castle Age
19:47 Horse Collar
20:00 Gold Mining
22:11 Bow Saw
29:07 Wheelbarrow
34:29 Imperial Age
32:03 Stone Mining
34:58 Hand Cart
37:08 Ballistics
37:17 Arquebus
38:06 Conscription
39:33 Chemistry
43:48 Two-Man Saw
43:32 Siege Engineers
43:33 Elite Organ Gun
Pez
11:03 Loom
12:48 Feudal Age
14:16 Double-Bit Axe
17:24 Castle Age
16:35 Horse Collar
17:37 Wheelbarrow
32:08 Imperial Age
29:59 Squires
31:06 Scale Mail Armor
31:45 Forging
31:22 Arson
32:44 Chain Mail Armor
33:37 Iron Casting
32:26 Capped Ram
33:24 Fletching
34:08 Plate Mail Armor
33:34 Gold Mining
33:34 Stone Mining
35:33 Crenellations
35:30 Bodkin Arrow
35:56 Ballistics
36:37 Chemistry
36:52 Hand Cart
36:22 Town Watch
37:14 Iron Casting
36:40 Padded Archer Armor
37:29 Conscription
37:48 Coinage
37:18 Caravan
37:29 Guilds
37:25 Heavy Plow
37:41 Bow Saw
38:27 Hoardings
40:19 Blast Furnace
40:02 Masonry
40:49 Siege Engineers
41:18 Banking
41:03 Town Patrol
42:35 Two-Man Saw
41:09 Elite Teutonic Knight
43:01 Stone Shaft Mining
43:39 Ironclad
43:20 Padded Archer Armor
43:26 Scale Barding Armor
43:36 Fortified Wall
46:38 Onager
48:02 Man-at-Arms
48:27 Gambesons
48:02 Pikeman
VX | Oblígame Perro!
13:04 Feudal Age
17:03 Castle Age
16:29 Double-Bit Axe
17:25 Loom
18:34 Scale Barding Armor
18:40 Bow Saw
24:04 Husbandry
28:01 Wheelbarrow
29:09 Hand Cart
32:26 Fletching
33:23 Chain Barding Armor
33:26 Gold Mining
36:35 Imperial Age
34:50 Chain Barding Armor
35:35 Forging
35:37 Bloodlines
36:08 Padded Archer Armor
36:03 Bodkin Arrow
36:43 Cavalier
38:02 Plate Barding Armor
38:29 Iron Casting
38:39 Stone Mining
42:22 Blast Furnace
44:26 Chemistry
45:38 Scale Mail Armor
45:24 Gambesons
45:00 Pikeman
45:40 Squires
46:33 Horse Collar
46:52 Murder Holes
The_OFLi
7:44 Loom
14:30 Feudal Age
15:19 Double-Bit Axe
21:55 Castle Age
23:09 Scale Mail Armor
23:20 Forging
31:22 Bow Saw
34:21 Wheelbarrow
36:33 Hand Cart
40:30 Horse Collar
44:03 Heavy Plow
50:44 Imperial Age
第一滴血
13:27 Feudal Age
18:05 Castle Age
15:53 Fishing Lines
16:17 Double-Bit Axe
17:35 Horse Collar
20:26 Bow Saw
22:45 Loom
26:53 Wheelbarrow
31:10 Imperial Age
29:19 Padded Archer Armor
29:09 Fletching
29:51 Hand Cart
29:32 Gold Mining
30:21 Gillnets
30:27 Bodkin Arrow
30:56 Ballistics
30:32 Stone Mining
31:19 Gold Shaft Mining
31:33 Padded Archer Armor
31:55 Bracer
33:20 Chemistry
32:52 Conscription
31:59 Elite Skirmisher
33:12 Leather Archer Armor
35:03 Yeomen
36:56 Ring Archer Armor
37:29 Elite Longbowman
39:25 Two-Man Saw
38:57 Coinage
43:09 Banking
43:30 Siege Engineers
43:36 Masonry
43:21 Town Watch
44:20 Scale Mail Armor
44:30 Forging
44:35 Crossbowman
45:10 Arbalester
46:16 Guard Tower
46:57 Architecture
NKotb64
13:00 Loom
15:13 Feudal Age
16:29 Double-Bit Axe
19:00 Castle Age
19:37 Fletching
19:58 Bow Saw
21:57 Bodkin Arrow
27:00 Ballistics
27:05 Horse Collar
30:36 Padded Archer Armor
31:00 Gold Mining
31:50 Leather Archer Armor
35:50 Wheelbarrow
35:16 Heavy Plow
38:31 Yasama
38:42 Thumb Ring
39:20 Masonry
39:54 Guard Tower
44:09 Imperial Age
44:58 Bracer
45:59 Chemistry
46:17 Keep
47:30 Pikeman
48:10 Squires
Connection lost

Rejoining the realm…

Still unreachable

The connection could not be restored.

Session expired

The server has moved on; the page needs a fresh start.